 Dungeon Crawl Stone Soup version 0.20.1-1-g8b1a95d (webtiles) character file.

383 digijack the Ducker (level 6, -4/48 HPs)
             Began as a Merfolk Wanderer on Dec 31, 2017.
             Was an Initiate of Nemelex Xobeh.
             Shot with an arrow by a centaur (9 damage)
             ... on level 5 of the Dungeon.
             The game lasted 00:29:40 (4557 turns).

digijack the Ducker (Merfolk Wanderer)              Turns: 4557, Time: 00:29:40

Health: -4/48      AC:  3    Str: 10    XL:     6   Next: 76%
Magic:  6/6        EV: 15    Int:  9    God:    Nemelex Xobeh [......]
Gold:   132        SH:  0    Dex: 20    Spells: 5/5 levels left

rFire    . . .     SeeInvis .   a - +2 spear
rCold    . . .     Gourm    .   (no shield)
rNeg     . . .     Faith    .   h - +0 robe
rPois    .         Spirit   .   c - +0 helmet
rElec    .         Reflect  .   (no cloak)
rCorr    .         Harm     .   (no gloves)
MR       .....                  (no boots)
Stlth    +++.......             (no amulet)
Regen    0.2/turn               (no ring)
MPRegen  0.1/turn               (no ring)

@: about to teleport
A: change form in water, swift swim, stealthy swim
a: Renounce Religion


You were on level 5 of the Dungeon.
You worshipped Nemelex Xobeh.
Nemelex Xobeh was noncommittal.
You were not hungry.

You visited 2 branches of the dungeon, and saw 6 of its levels.

You collected 132 gold pieces.

Inventory:

Hand Weapons
 a - a +2 spear (weapon)
Armour
 c - a +0 helmet (worn)
 h - a +0 robe (worn)
Scrolls
 e - 3 scrolls of identify
 i - a scroll of remove curse
Potions
 b - 3 potions of curing
 g - a potion of haste
 j - 2 potions of heal wounds
 m - 2 potions of flight
Miscellaneous
 n - a plain deck of destruction
Comestibles
 d - a bread ration
 f - 5 chunks of flesh
 k - 2 meat rations


   Skills:
 + Level 4.2 Fighting
 + Level 4.4 Polearms
 - Level 2.9 Armour
 + Level 4.6 Dodging
 + Level 4.1 Stealth
   Level 1.0 Shields


You had 5 spell levels left.
You didn't know any spells.

Dungeon Overview and Level Annotations

Branches:
Dungeon (5/15)             Temple (1/1) D:4

Altars:
Ashenzari
Cheibriados
Dithmenos
Elyvilon
Fedhas
Gozag
Hepliaklqana
Kikubaaqudgha
Makhleb
Nemelex Xobeh
Okawaru
Ru
Sif Muna
Trog
Uskayaw
Vehumet
Xom
Yredelemnul
Zin
The Shining One


Message History

The centaur hits you!
* * * LOW HITPOINT WARNING * * *
The worker ant bites you but does no damage.
The centaur wields an uncursed shortbow.
The centaur shoots an arrow.
The arrow closely misses you.
The centaur shoots an arrow.
The arrow barely misses you. The worker ant completely misses you.
The centaur shoots an arrow.
The arrow misses you.
The centaur shoots an arrow.
The arrow hits you.
* * * LOW HITPOINT WARNING * * *
You see here 2 arrows.
The worker ant closely misses you.
The centaur shoots an arrow.
The arrow misses you.
The centaur shoots an arrow.
The arrow barely misses you.
As you read the scroll of teleportation, it crumbles to dust.
You feel strangely unstable. The worker ant bites you.
* * * LOW HITPOINT WARNING * * *
The centaur shoots an arrow.
The arrow hits you!
You die...
Your body disappears without a glow.

......((..(.......#
.......###+#......#
.......#...#......#
.(.....#...#......#
.......#...#......+
.......#...'......#
+#.....#####..c...########
####+# ##...a........#
#...@........#
#............# #...
#............+ #...
#............# #...
######..(....#+###...
#...(...........
#...............
####'###........
#.....+........


You could see a centaur and a worker ant.

Vanquished Creatures
  A phantom (D:4)
  An ogre (D:4)
  A hound (D:4)
  3 gnolls (D:4)
  5 adders
  A howler monkey skeleton (D:4)
  A river rat (D:4)
  3 worms
  3 dart slugs
  4 leopard geckos
  An orc (D:4)
  9 bats
  2 giant cockroaches
  9 goblins
  5 hobgoblins
  4 jackals (D:3)
  A quokka (D:3)
  4 ball pythons
  7 frilled lizards
  7 kobolds
  A quokka skeleton (D:4)
  11 rats
84 creatures vanquished.

Notes
Turn   | Place    | Note
-------+----------+-------------------------------------------
     0 | D:1      | digijack the Merfolk Wanderer began the quest for the Orb.
     0 | D:1      | digijack set off with: a +2 spear, a potion of curing, a +0 ring mail, a bread ration
     0 | D:1      | Reached XP level 1. HP: 16/16 MP: 1/1
   234 | D:1      | Reached XP level 2. HP: 23/23 MP: 2/2
   745 | D:1      | Reached XP level 3. HP: 23/28 MP: 3/3
  1416 | D:2      | Found a hide-covered altar of Uskayaw.
  1437 | D:2      | Found a shattered altar of Ashenzari.
  1514 | D:2      | Found a snail-covered altar of Cheibriados.
  1532 | D:2      | Found a shimmering altar of Xom.
  1575 | D:2      | Reached XP level 4. HP: 30/34 MP: 4/4
  2315 | D:3      | Found a shadowy altar of Dithmenos.
  2667 | D:3      | Reached XP level 5. HP: 31/41 MP: 5/5
  2994 | D:4      | Noticed a phantom
  3058 | D:4      | Killed a phantom
  3058 | D:4      | Reached XP level 6. HP: 7/48 MP: 6/6
  3632 | D:4      | Found a staircase to the Ecumenical Temple.
  3663 | D:4      | HP: 2/48 [gnoll (4)]
  4270 | D:4      | Found a bloodstained altar of Trog.
  4332 | Temple   | Entered the Ecumenical Temple
  4393 | Temple   | Became a worshipper of Nemelex Xobeh the Trickster
  4454 | D:5      | Entered Level 5 of the Dungeon
  4491 | D:5      | Received a gift from Nemelex Xobeh
  4557 | D:5      | Shot with an arrow by a centaur

Skill      XL: |  1  2  3  4  5  6 |
---------------+-------------------+-----
Dodging        | 2 3 4 |  4.6
Stealth        | 2 3 4 |  4.1
Polearms       | 2 3 4 |  4.4
Fighting       | 3 4 |  4.2
Armour         | |  2.9
Shields        | |  1.0

Action                   |  1- 3 |  4- 6 || total
-------------------------+-------+-------++-------
Melee: Spear             |    88 |   236 ||   324
       Tailslap          |       |     1 ||     1
  Use: Scroll            |     5 |     2 ||     7
       Potion            |     4 |     1 ||     5
 Stab: Sleeping          |     8 |     7 ||    15
       Distracted        |       |     3 ||     3
  Eat: Chunk             |     2 |     5 ||     7
       Bread ration      |       |     1 ||     1
Armor: Skin              |     5 |       ||     5
       Robe              |     3 |    15 ||    18
Dodge: Dodged            |    32 |   112 ||   144
